 Dungeon Crawl Stone Soup version 0.27-a0-1557-g57f10a385c (webtiles) character file.

Game seed: 5197875377541199896

1715 Sin92 the Skirmisher (level 8, -1/65 HPs)
             Began as a Demonspawn Fighter on July 15, 2021.
             Was an Initiate of Okawaru.
             Slain by an orc warrior (5 damage)
             ... on level 7 of the Dungeon.
             The game lasted 00:09:02 (6670 turns).

Sin92 the Skirmisher (Demonspawn Fighter)           Turns: 6670, Time: 00:09:03

Health: -1/65      AC: 14    Str: 19    XL:     8   Next: 74%
Magic:  8/8        EV:  7    Int:  9    God:    Okawaru [......]
Gold:   288        SH: 10    Dex: 13    Spells: 7/7 levels left

rFire    + . .     SeeInvis .   a - +2 war axe (drain)
rCold    . . .     Faith    .   c - +0 kite shield
rNeg     . . .     Spirit   .   w - +0 chain mail
rPois    .         Reflect  .   j - +0 helmet
rElec    .         Harm     .   e - +0 cloak
rCorr    .         Rampage  +   (no gloves)
Will     .....                  h - +0 pair of boots {rampage}
Stlth    ..........             g - amulet of the acrobat
HPRegen  0.20/turn              p - ring of protection from fire
MPRegen  0.11/turn              (no ring)

@: mighty
A: rugged brown scales 1, powered by death 2, powered by pain 1
a: Renounce Religion


You were on level 7 of the Dungeon.
You worshipped Okawaru.
Okawaru was noncommittal.
You visited 2 branches of the dungeon, and saw 8 of its levels.

You collected 288 gold pieces.

Inventory:

Hand Weapons
 a - a +2 war axe of draining (weapon)
Missiles
 u - a throwing net (quivered)
Armour
 b - a +0 scale mail
 c - a +0 kite shield (worn)
 e - a +0 cloak (worn)
 h - a +0 pair of boots of rampaging (worn)
 j - a +0 helmet (worn)
 w - a +0 chain mail (worn)
Jewellery
 g - an amulet of the acrobat (around neck)
 p - a ring of protection from fire (left hand)
Wands
 r - a wand of iceblast (9)
 t - a wand of acid (7)
Scrolls
 k - a scroll of brand weapon
 n - a scroll of amnesia
 q - a scroll of fear
Potions
 f - 2 potions of attraction
 i - 3 potions of magic
 l - 4 potions of heal wounds
 o - 3 potions of lignification
 s - a potion of curing
 v - a potion of resistance {unknown}


   Skills:
 + Level 5.8 Fighting
 + Level 4.8 Axes
 + Level 5.3 Armour
 + Level 4.4 Dodging
 + Level 5.3 Shields


You had 7 spell levels left.
You didn't know any spells.
Your spell library contained the following spells:

 Spells                   Type           Power      Damage    Failure   Level
 Apportation              Tloc           0%         N/A       100%        1
 Beastly Appendage        Tmut           0%         N/A       100%        1
 Sandblast                Erth           0%         2d4       100%        1
 Blink                    Tloc           N/A        N/A       100%        2
 Wereblood                Tmut           0%         N/A       100%        2
 Spider Form              Tmut/Pois      0%         N/A       100%        3
 Alistair's Intoxication  Tmut/Pois      0%         N/A       100%        5
 Fireball                 Conj/Fire      0%         3d3       100%        5
 Iskenderun's Battlesphe  Conj           0%         2d6       100%        5
 Manifold Assault         Tloc           0%         N/A       100%        5
 Conjure Ball Lightning   Conj/Air       0%         3x3d6     100%        6
 Invisibility             Hex            0%         N/A       100%        6
 Orb of Destruction       Conj           0%         N/A       100%        7
 Storm Form               Tmut/Air       0%         N/A       100%        7


Dungeon Overview and Level Annotations

Branches:
Dungeon (7/15)             Temple (1/1) D:6

Altars:
Ashenzari
Cheibriados
Dithmenos
Fedhas
Gozag
Kikubaaqudgha
Nemelex Xobeh
Okawaru
Qazlal
Ru
Vehumet
Wu Jian
Xom
Yredelemnul
Zin
The Shining One


Innate Abilities, Weirdness & Mutations

You are partially covered in rugged brown scales. (AC +1, +3% HP)
You regenerate health from kills.
You sometimes gain a little power by taking damage.


Message History

You rampage towards the orc priest!
You slash the orc priest! You drain the orc priest.
You kill the orc priest!
Okawaru accepts your kill.
You closely miss the orc warrior.
The orc priest hits you but does no damage.
You block the orc warrior's attack. You block the orc priest's attack.
The orc warrior hits you with a +0 trident!
* * * LOW HITPOINT WARNING * * *
The kobold demonologist shouts!
The vampire mosquito buzzes angrily.
The orc warrior shouts!
You block the orc priest's attack.
The kobold demonologist miscasts a cantrip.
The orc warrior hits you with a +0 trident.
* * * LOW HITPOINT WARNING * * *
Things that are here:
a +0 mace; a +0 leather armour; an orc corpse You slash the orc priest!
The orc priest is almost dead.
You closely miss the orc warrior. The orc priest closely misses you.
You block the vampire mosquito's attack.
The orc warrior hits you with a +0 trident!
* * * LOW HITPOINT WARNING * * *
The kobold demonologist casts a spell.
You completely miss the orc priest.
The orc priest is almost dead.
You slash the vampire mosquito! You closely miss the orc warrior.
The vampire mosquito bites you but does no damage.
The orc priest looks encouraged for a moment.
The vampire mosquito barely misses you. You block the orc warrior's attack.
You block the orc priest's attack.
The vampire mosquito bites you but does no damage.
You closely miss the orc priest.
The orc priest is almost dead.
You closely miss the vampire mosquito. You closely miss the ufetubus.
You slash the orc warrior! The vampire mosquito bites you.
* * * LOW HITPOINT WARNING * * *
The vampire mosquito draws strength from your injuries!
The orc warrior hits you with a +0 trident.
You die...

..### #..)## #....####
#4#######.......#
.:5.K5y.o.......#
#4#######.#.###.# #
....##..K###.###### #.#
#..#...o.5yo....####
#...##....####@o........
#....##.# #)####.####
####.# .# #.# #.# .# #.#
#.# .# #.# #.# .# #.#
########.# .# #.#
#..))....# .# #..
#<######## ###


You could see a kobold demonologist, 2 orc warriors, a vampire mosquito, an orc
priest and an ufetubus (summoned).

Vanquished Creatures
  A necrophage (D:5)
  A black bear (D:4)
  5 phantoms
  A bullfrog (D:7)
  2 scorpions
  A water moccasin zombie (D:5)
  6 killer bees (D:6)
  A howler monkey (D:4)
  A bullfrog skeleton (D:5)
  A bullfrog zombie (D:5)
  2 orc priests
  A gnoll shaman (D:7)
  2 iguanas (D:4)
  Crazy Yiuf (D:3)
  4 hounds
  An orc wizard (D:7)
  Natasha (twice) (D:2)
  A killer bee zombie (D:5)
  5 gnolls (D:7)
  3 adders
  2 white imps
  An ufetubus (D:4)
  An adder skeleton (D:4)
  2 worms (D:3)
  A dart slug (D:4)
  8 orcs
  2 ball pythons
  2 bats
  8 endoplasms
  6 giant cockroaches
  6 goblins
  4 hobgoblins
  3 jackals (D:5)
  6 kobolds
  A quokka (D:3)
  2 frilled lizards (D:1)
  8 rats
105 creatures vanquished.

Vanquished Creatures (others)
  3 plants (D:7)
3 creatures vanquished.

Grand Total: 108 creatures vanquished

Notes
Turn   | Place    | Note
-------+----------+-------------------------------------------
     0 | D:1      | Sin92 the Demonspawn Fighter began the quest for the Orb.
     0 | D:1      | Reached XP level 1. HP: 18/18 MP: 1/1
    62 | D:1      | Found a faded altar of an unknown god.
    75 | D:1      | Got Plato's Collected Works on the Mountains
   339 | D:1      | Gained mutation: You regenerate a little health from kills.
                  | [demonic ancestry]
   339 | D:1      | Reached XP level 2. HP: 24/24 MP: 2/2
  1162 | D:2      | Noticed Natasha
  1172 | D:2      | Killed Natasha
  1173 | D:2      | Reached skill level 1 in Dodging
  1173 | D:2      | Reached XP level 3. HP: 23/29 MP: 3/3
  1506 | D:2      | Noticed Natasha
  1519 | D:2      | Killed Natasha
  1520 | D:2      | Gained mutation: You are partially covered in rugged brown
                  | scales. (AC +1, +3% HP) [demonic ancestry]
  1520 | D:2      | Reached XP level 4. HP: 21/36 MP: 4/4
  2273 | D:3      | Found a runed translucent door.
  2274 | D:3      | Noticed Crazy Yiuf
  3133 | D:3      | Killed Crazy Yiuf
  3209 | D:4      | Gained mutation: You sometimes gain a little power by
                  | taking damage. [demonic ancestry]
  3209 | D:4      | Reached XP level 5. HP: 43/43 MP: 5/5
  3548 | D:4      | Noticed a phantom
  3549 | D:4      | Reached XP level 6. HP: 49/49 MP: 6/6
  4229 | D:5      | Entered Level 5 of the Dungeon
  4274 | D:5      | Reached XP level 7. HP: 53/56 MP: 7/7
  4315 | D:5      | Found an ancient bone altar of Kikubaaqudgha.
  4885 | D:5      | Reached skill level 5 in Fighting
  5142 | D:6      | Gained mutation: You regenerate health from kills. [demonic
                  | ancestry]
  5142 | D:6      | Reached XP level 8. HP: 63/63 MP: 8/8
  5186 | D:6      | Found a staircase to the Ecumenical Temple.
  5191 | Temple   | Entered the Ecumenical Temple
  5202 | Temple   | Became a worshipper of Warmaster Okawaru
  5381 | D:6      | Reached skill level 5 in Armour
  5381 | D:6      | Reached skill level 5 in Shields
  5907 | D:6      | Found a sparkling altar of Nemelex Xobeh.
  6636 | D:7      | Noticed a kobold demonologist
  6644 | D:7      | Noticed a sixfirhy
  6655 | D:7      | Noticed a hellwing
  6670 | D:7      | Slain by an orc warrior

Illustrated notes

Levels and vault maps discovered:
D:1:      minmay_arrival_four_circles, layout_loops_corners,
          shapermc_ecumenical_altar_rom_forum, st_stairs_8
D:2:      kennysheep_big_flooded_room, layout_basic, minivault_23,
          minmay_tall_x, uniq_natasha
D:3:      layout_basic, uniq_crazy_yiuf_cottage
D:4:      layout_cave_pods, serial_park, serial_park_tiny_2,
          grunt_ministairs_13, kennysheep_generic_room_13
D:5:      layout_cave_pools, mainiacjoe_overflow_concentric_impassable
D:6:      layout_layer_cave, mainiacjoe_overflow_chevrons,
          general_overflow_altar, temple_doors_cd
D:7:      layout_loops_ring, mainiacjoe_overflow_small_starburst,
          enter_bailey_7, nrook_mini_backslash, serial_bayou_ford_a,
          minmay_fountain_box, minmay_manual_monstrance
Temple:   nicolae_temple_x_marks_the_god

Skill      XL: |  1  2  3  4  5  6  7  8 |
---------------+-------------------------+-----
Axes           | 2 3 4 |  4.8
Armour         | 3 4 5 |  5.3
Dodging        | 1 2 3 4 |  4.4
Shields        | 3 4 5 |  5.3
Fighting       | 4 5 |  5.8

Action                   |  1- 3 |  4- 6 |  7- 9 || total
-------------------------+-------+-------+-------++-------
Melee: War axe           |    74 |   153 |   189 ||   416
  Use: Scroll            |       |    10 |     4 ||    14
       Potion            |       |     1 |     4 ||     5
Armor: Scale mail        |    34 |    81 |    84 ||   199
       Chain mail        |       |       |    21 ||    21
Dodge: Dodged            |    22 |    47 |    94 ||   163
Block: Kite shield       |    35 |    83 |   125 ||   243

Table legend: (Time is in decaauts)
 A = Elapsed time spent in this place.
 B = Non-inter-level travel time spent in this place.
 C = Inter-level travel time spent in this place.
 D = Time resting spent in this place.
 E = Time spent auto-exploring this place.
 F = Levels seen in this place.
 G = Mean time per level.
                   A        B        C        D        E       F      G
               +--------+--------+--------+--------+--------+-----+--------+
         Total |   6917 |   6738 |    179 |    108 |   5456 |   8 |  864.6 |
       Dungeon |   6790 |   6611 |    179 |      0 |   5456 |   7 |  970.0 |
        Temple |    126 |    126 |      0 |    108 |      0 |   1 |  126.0 |
               +--------+--------+--------+--------+--------+-----+--------+

Top non-repeatable levels by time:
     D:3: 1468 daAuts
     D:6: 1377 daAuts
     D:4: 1084 daAuts
     D:2: 950 daAuts
     D:5: 924 daAuts
     D:1: 892 daAuts
  Temple: 126 daAuts
     D:7: 92 daAuts
